 Dungeon Crawl Stone Soup version 0.29-a0-1009-g60c99734e7 (webtiles) character file.

Game seed: 17412399132171260456

3922 Ijustatesigmund the Digger (level 10, -1/61 (63) HPs)
             Began as an Octopode Earth Elementalist on Aug 8, 2022.
             Slain by a yak (16 damage)
             ... on level 9 of the Dungeon.
             The game lasted 00:20:56 (8210 turns).

Ijustatesigmund the Digger (OpEE)                   Turns: 8210, Time: 00:20:56

HP:   -1/61 (63)    AC:  1    Str: 13    XL:     10   Next: 20%
MP:   19/19         EV: 14    Int: 21    God:
Gold: 379           SH:  7    Dex: 19    Spells: 15/21 levels left

rFire   . . .      SeeInvis .   v - +8 whip "Couh" {flame, rC++ Str+5 Stlth+}
rCold   + + .      Faith    .   p - +1 buckler
rNeg    . . .      Spirit   .   (helmet restricted)
rPois   +          Reflect  .   e - amulet of regeneration
rElec   .          Harm     .   o - +6 ring of dexterity
rCorr   .          Rampage  .   y - ring of poison resistance
Will    .....                   (no ring)
Stlth   +++++.....              (no ring)
HPRegen 1.00/turn               (no ring)
MPRegen 0.16/turn               (no ring)
                                (no ring)
                                (no ring)

@: about to teleport, lightly drained, invisible
A: almost no armour, amphibious, 8 rings, camouflage 1, gelatinous body 1,
(nimble swimmer 1), tentacles
a: no special abilities


You were on level 9 of the Dungeon.
You visited 1 branch of the dungeon, and saw 9 of its levels.

You collected 379 gold pieces.

Inventory:

Hand Weapons
 f - a +4 war axe
 v - the +8 whip "Couh" (weapon) {flame, rC++ Str+5 Stlth+}
   (You found it on level 6 of the Dungeon)

   It burns those it strikes, dealing additional fire damage.
   Str:       It affects your strength (+5).
   rC:        It greatly protects you from cold.
   Stlth:     It makes you more stealthy.
Armour
 p - a +1 buckler (worn)
Jewellery
 e - an amulet of regeneration (around mantle)
 g - a ring of ice
 m - an amulet of faith
 o - a +6 ring of dexterity (left tentacle)
 y - a ring of poison resistance (right tentacle)
 z - a ring of resist corrosion
Wands
 b - a wand of charming (8)
 j - a wand of flame (3)
 u - a wand of polymorph (7)
 A - a wand of roots (13)
Scrolls
 k - a scroll of teleportation
 l - a scroll of butterflies
 q - a scroll of poison
Potions
 a - a potion of magic
 c - a potion of might
 d - 2 potions of flight
 i - 3 potions of brilliance
 n - a potion of curing
 r - 2 potions of attraction
 s - 2 potions of invisibility
 t - 3 potions of resistance {unknown}
 w - a potion of lignification {unknown}
 x - a potion of degeneration {unknown}
Miscellaneous
 h - a piece from Xom's chessboard (15/15)


   Skills:
 - Level 3.5 Fighting
 + Level 1.8(2.0) Axes
 + Level 0.6(1.3) Maces & Flails
 - Level 3.6 Dodging
 - Level 5.1 Stealth
 - Level 4.5 Shields
 + Level 6.2 Spellcasting
 + Level 5.7 Conjurations
 + Level 4.8 Transmutations
 + Level 6.3 Earth Magic
 - Level 3.8 Evocations


You had 15 spell levels left.
You knew the following spells:

 Your Spells              Type           Power      Damage    Failure   Level
a - Sandblast             Erth           66%        2d15      1%          1
b - Stone Arrow           Conj/Erth      62%        3d10      3%          3
c - Passwall              Tmut/Erth      24%        N/A       1%          2

Your spell library contained the following spells:

 Spells                   Type           Power      Damage    Failure   Level
 Dazzling Flash           Conj/Hex       36%        N/A       11%         3
 Petrify                  Tmut/Erth      29%        N/A       12%         4
 Lightning Bolt           Conj/Air       9%         1d21      71%         5
 Airstrike                Air            3%         2d(1-17)  77%         4
 Summon Lightning Spire   Summ/Air       6%         N/A       77%         4
 Agony                    Necr           6%         N/A       98%         5
 Silence                  Hex/Air        3%         N/A       98%         5
 Lehudib's Crystal Spear  Conj/Erth      15%        10d5      100%        8
 Animate Armour           Summ/Erth      Unusable   N/A       N/A         4

Dungeon Overview and Level Annotations

Branches:
Dungeon (9/15)
 Temple: D:4-7         Lair: D:8-11         Orc: D:9-12

Altars:
Vehumet

Shops:
D:5 (


Innate Abilities, Weirdness & Mutations

You cannot wear most types of armour.
You are amphibious.
You can wear up to eight rings at the same time.
Your skin changes colour to match your surroundings (Stealth+).
Your rubbery body absorbs attacks. (AC +1, EV +1)
((You are camouflaged when in or above water. (Stealth+)))
You have tentacles for arms and can constrict up to eight enemies at once.


Message History

Aiming: Stone Arrow (dangerous; 3% risk of failure)
Press: ? - help, Shift-Dir - straight line, f/p - yak
Aim: a yak (heavily wounded, 84% to hit)
The stone arrow hits the yak!
The yak is severely wounded.
The yak gores you!
Casting: Stone Arrow (dangerous; 3% risk of failure)
Confirm with . or Enter, or press ? or * to list all spells.
Aiming: Stone Arrow (dangerous; 3% risk of failure)
Press: ? - help, Shift-Dir - straight line, f/p - yak
Aim: a yak (severely wounded, 84% to hit)
The stone arrow hits the yak!
You kill the yak!
You climb upwards.
There is a stone staircase leading down here.
You start resting.
Your magical contamination has completely faded away.
You start resting.
HP restored.
You start resting.
Magic restored.
You climb downwards.
You block the wight's attack. x2
The wight hits you with a +3 long sword!
You feel drained.
The wight hits you with a +3 great sword!!
The wight completely misses you.
The wight hits you with a +3 long sword!
* * * LOW HITPOINT WARNING * * *
There is a stone staircase leading up, spattered with blood here.
Okay, then.
You fade into invisibility!
The yak barely misses you. The wight barely misses you.
You block the wight's attack.
The wight hits you with a +2 short sword.
* * * LOW HITPOINT WARNING * * *
You feel better. The yak barely misses you. The wight misses you.
The wight barely misses you. The wight completely misses you.
As you read the scroll of teleportation, it crumbles to dust.
You feel strangely unstable. The yak gores you!
You die...

......#
..≈.........)##
..............##
...............##
...$............##
.................#
.................#
...............z.#
...............z@#
...............Yz#
................##
.§.............##
.§§...........##
.§≈..........##
.§§≈........##
≈≈≈≈≈......##
.≈≈≈......##


You could see a yak (unable to see you) and 3 wights.

Vanquished Creatures
  Joseph (D:7)
  8 yaks
  A water moccasin (D:8)
  3 orc warriors
  An ice beast (D:5)
  2 black bears
  2 sky beasts
  3 ogres
  2 centaurs
  3 bullfrogs
  2 gnoll sergeants
  A necrophage (D:3)
  A howler monkey (D:7)
  6 orc priests
  3 jellies
  4 hounds
  5 iguanas
  3 orc wizards
  6 gnolls
  5 adders
  A shadow imp (D:7)
  A white imp (D:6)
  3 worms
  2 dart slugs
  25 orcs
  8 endoplasms
  4 giant cockroaches
  6 goblins
  5 hobgoblins
  10 jackals
  3 quokkas
  5 ball pythons
  3 bats
  4 frilled lizards
  6 kobolds
  6 rats
154 creatures vanquished.

Notes
Turn   | Place    | Note
-------+----------+-------------------------------------------
     0 | D:1      | Ijustatesigmund the Octopode Earth Elementalist began the
                  | quest for the Orb.
     0 | D:1      | Reached XP level 1. HP: 11/11 MP: 3/3
   548 | D:1      | Reached XP level 2. HP: 17/17 MP: 3/5
  1258 | D:2      | Found a faded altar of an unknown god.
  1396 | D:2      | Reached XP level 3. HP: 21/21 MP: 4/6
  1725 | D:2      | Reached XP level 4. HP: 27/27 MP: 8/8
  1729 | D:2      | Learned a level 3 spell: Stone Arrow
  1732 | D:2      | Learned a level 2 spell: Passwall
  2092 | D:4      | Reached skill level 1 in Axes
  2207 | D:4      | Reached skill level 1 in Conjurations
  2207 | D:4      | Reached XP level 5. HP: 25/31 MP: 4/9
  2263 | D:4      | Found a radiant altar of Vehumet.
  2718 | D:3      | Reached skill level 1 in Shields
  2867 | D:3      | Reached XP level 6. HP: 36/36 MP: 8/11
  3696 | D:5      | Entered Level 5 of the Dungeon
  3696 | D:5      | Found Pyczu's Weapon Shoppe.
  3784 | D:5      | Reached skill level 1 in Fighting
  3784 | D:5      | Reached XP level 7. HP: 43/43 MP: 9/13
  4743 | D:6      | Reached XP level 8. HP: 33/52 MP: 14/14
  4787 | D:6      | Identified the +8 whip "Couh" {flame, rC++ Str+5 Stlth+}
  5102 | D:6      | Reached skill level 1 in Evocations
  5841 | D:7      | Noticed Joseph
  5855 | D:7      | Reached skill level 5 in Spellcasting
  6044 | D:7      | Reached XP level 9. HP: 57/57 MP: 13/16
  6085 | D:7      | Killed Joseph
  6086 | D:7      | Reached skill level 5 in Earth Magic
  6872 | D:8      | Reached skill level 5 in Conjurations
  6892 | D:8      | Reached XP level 10. HP: 26/63 MP: 6/19
  7250 | D:8      | Reached skill level 5 in Stealth
  8210 | D:9      | Slain by a yak

Illustrated notes

Levels and vault maps discovered:
D:1:      roderic_crop_circles_arrival_small, layout_loops_cross
D:2:      layout_loops_cross, ebering_ecumenical_altar_webs, nicolae_titane
D:3:      layout_loops_ring
D:4:      layout_loops_corners, vehumet_altar_wand_db
D:5:      layout_rooms, serial_shops, shop
D:6:      black_bear_nest_1, layout_basic, nrook_campfire,
          chequers_serial_rivers_micro_d
D:7:      layout_basic, minmay_temple_entry_fiery, uniq_joseph, uniq_pikel
D:8:      layout_basic, hellmonk_bongcloud_opening
D:9:      layout_big_octagon, lemuel_tele_altar, lemuel_round_altar

Skill      XL: |  1  2  3  4  5  6  7  8  9 10 |
---------------+-------------------------------+-----
Spellcasting   | 3 4 5 6 |  6.2
Axes           | 1 |  1.8
Conjurations   | 1 2 3 4 5 |  5.7
Shields        | 1 3 4 |  4.5
Fighting       | 1 3 |  3.5
Earth Magic    | 4 6 |  6.3
Evocations     | 3 |  3.8
Transmutations | 2 4 |  4.8
Stealth        | 4 5 |  5.1
Dodging        | 3 |  3.6
Maces & Flails | |  0.6

Action                   |  1- 3 |  4- 6 |  7- 9 | 10-12 || total
-------------------------+-------+-------+-------+-------++-------
Melee: Unarmed           |     2 |       |       |       ||     2
       Constrict         |     4 |     8 |    25 |     1 ||    38
       Falchion          |     4 |       |       |       ||     4
       War axe           |    24 |    31 |    32 |       ||    87
       Tentacles         |     1 |     8 |    29 |     1 ||    39
       Whip              |       |       |    77 |     9 ||    86
 Cast: Sandblast         |    36 |    32 |    17 |     4 ||    89
       Stone Arrow       |       |     4 |    43 |    14 ||    61
Evoke: Wand              |       |     9 |     2 |       ||    11
  Use: Scroll            |     9 |     4 |     5 |     6 ||    24
       Potion            |       |     1 |     3 |     2 ||     6
 Stab: Sleeping          |     3 |     3 |     2 |     1 ||     9
Armor: Skin              |     1 |     4 |     1 |       ||     6
Dodge: Dodged            |    35 |    36 |    61 |    14 ||   146
Block: Buckler           |       |       |    51 |     8 ||    59

Table legend: (Time is in decaauts)
 A = Elapsed time spent in this place.
 B = Non-inter-level travel time spent in this place.
 C = Inter-level travel time spent in this place.
 D = Time resting spent in this place.
 E = Time spent auto-exploring this place.
 F = Levels seen in this place.
 G = Mean time per level.
                   A        B        C        D        E       F      G
               +--------+--------+--------+--------+--------+-----+--------+
         Total |   8354 |   8148 |    206 |   1697 |   5193 |   9 |  928.2 |
       Dungeon |   8354 |   8148 |    206 |   1697 |   5193 |   9 |  928.2 |
               +--------+--------+--------+--------+--------+-----+--------+

Top non-repeatable levels by time:
     D:8: 1501 daAuts
     D:1: 1220 daAuts
     D:6: 1106 daAuts
     D:5: 1054 daAuts
     D:4: 951 daAuts
     D:3: 843 daAuts
     D:2: 817 daAuts
     D:7: 775 daAuts
     D:9: 82 daAuts
